 Seeded DCSS version 0.30.1 (webtiles) character file.

Game seed: 7229806256980976716 (custom seed)

986 McKennaii the Conjurer (level 7, -1/50 HPs)
             Began as a Demigod Fire Elementalist on July 13, 2023.
             Slain by a wyvern zombie (10 damage)
             ... in an ossuary.
             The game lasted 00:03:41 (2691 turns).

McKennaii the Conjurer (Demigod Fire Elementalist)  Turns: 2691, Time: 00:03:41

Health: -1/50      AC:  3    Str:  9    XL:     7   Next: 65%
Magic:  19/19      EV: 12    Int: 29    God:
Gold:   138        SH:  0    Dex: 14    Spells: 16/17 levels left

rFire   x . .        e - staff of conjuration
rCold   + . .        (no shield)
rNeg    . . .        a - +0 robe
rPois   .            (no helmet)
rElec   +            (no cloak)
rCorr   .            r - +0 pair of gloves
SInv    +            (no boots)
Will    .....        g - amulet of Vitality {RegenMP++ Regen++}
Stlth   +++          h - ring "Oseabb Vyok" {Ice rElec Int+4 SInv Stlth+}
HPRegen 1.88/turn    (no ring)
MPRegen 0.96/turn

%: no passive effects
@: no status effects
A: high MP 1, forlorn, divine attributes
a: no special abilities


You were in an ossuary.
You visited 1 branch of the dungeon, and saw 4 of its levels.
You also visited: Ossuary.

You collected 138 gold pieces.

Inventory:

Missiles
 c - a throwing net
Armour
 a - a +0 robe (worn)
 r - a +0 pair of gloves (worn)
Magical Staves
 e - a staff of conjuration (weapon)
Jewellery
 g - the amulet of Vitality (around neck) {RegenMP++ Regen++}
   (You acquired it on level 1 of the Dungeon)

   [amulet of magic regeneration]

   It increases your rate of magic regeneration.
   Regen:     It increases your rate of health regeneration.
 h - the ring "Oseabb Vyok" (left hand) {Ice rElec Int+4 SInv Stlth+}
   (You acquired it on level 1 of the Dungeon)

   [ring of ice]

   It enhances your ice magic.
   Int:       It affects your intelligence (+4).
   rF:        It makes you vulnerable to fire.
   rC:        It protects you from cold.
   rElec:     It insulates you from electricity.
   SInv:      It lets you see invisible.
   Stlth:     It makes you more stealthy.
Scrolls
 d - 3 scrolls of amnesia {unknown}
 f - a scroll of teleportation {unknown}
 j - a scroll of enchant armour {unknown}
 l - 2 scrolls of blinking {unknown}
 m - 4 scrolls of identify {unknown}
 q - a scroll of poison {unknown}
 s - 2 scrolls of vulnerability {unknown}
 t - a scroll of fog {unknown}
 v - 2 scrolls of silence {unknown}
 x - a scroll of butterflies {unknown}
Potions
 b - a potion of magic
 i - 2 potions of might {unknown}
 k - 2 potions of mutation {unknown}
 n - 2 potions of brilliance {unknown}
 o - a potion of invisibility {unknown}
 p - 3 potions of curing {unknown}
 u - a potion of ambrosia {unknown}
 w - a potion of berserk rage {unknown}
 z - a potion of attraction {unknown}


   Skills:
 - Level 1.7 Dodging
 - Level 1.7 Stealth
 + Level 5.6 Spellcasting
 + Level 5.9 Conjurations
 - Level 2.7 Fire Magic


You had 16 spell levels left.
You knew the following spells:

 Your Spells              Type           Power      Damage    Failure   Level
a - Foxfire               Conj/Fire      100%       2x1d9     1%          1

Your spell library contained the following spells:

 Spells                   Type           Power      Damage    Failure   Level
 Scorch                   Fire           48%        2d7       2%          2
 Mephitic Cloud           Conj/Pois/Air  29%        N/A       8%          3
 Cigotuvi's Dreadful Rot  Necr/Pois/Air  16%        N/A       9%          2
 Poisonous Vapours        Pois/Air       16%        N/A       9%          2
 Inner Flame              Hex/Fire       16%        N/A       10%         3
 Volatile Blastmotes      Fire/Tloc      32%        2d12      10%         3
 Flame Wave               Conj/Fire      50%        2d12      10%         4
 Dispel Undead            Necr           8%         3d8       52%         4
 Freezing Cloud           Conj/Ice/Air   22%        6-21      58%         5
 Death Channel            Necr           4%         N/A       100%        6


Dungeon Overview and Level Annotations

Branches:
Dungeon (4/15)            Ossuary (1/1)
 Temple: D:4-7

Annotations:
D:3 3 runed translucent doors, McKennaii's ghost, amateur DgFE


Innate Abilities, Weirdness & Mutations

You have an increased reservoir of magic. (+10% MP)
You shall have no god before yourself.
Your divine heritage dramatically boosts your attributes as you level up.


Message History

The foxfire hits the wyvern zombie but does no damage.
The wyvern zombie is lightly damaged.
The foxfire hits the wyvern zombie!
The wyvern zombie is moderately damaged.
The wyvern zombie bites you but does no damage.
Unknown command.
You feel a surge of power!
You conjure some foxfire!
The wyvern zombie barely misses you. The wyvern zombie closely misses you.
The foxfire hits the wyvern zombie but does no damage.
The wyvern zombie is moderately damaged.
The foxfire hits the wyvern zombie!
The wyvern zombie is heavily damaged.
The wyvern zombie bites you.
Unknown command.
A wyvern zombie is nearby!
You feel a surge of power!
You conjure some foxfire!
The wyvern zombie closely misses you.
Unknown command.
The foxfire hits the wyvern zombie.
The wyvern zombie is severely damaged.
The foxfire hits the wyvern zombie!
The wyvern zombie is severely damaged.
The wyvern zombie bites you!
You feel a surge of power!
You conjure some foxfire!
The wyvern zombie bites you! The wyvern zombie closely misses you.
The foxfire hits the wyvern zombie.
The wyvern zombie is almost destroyed.
The foxfire hits the wyvern zombie.
The wyvern zombie is almost destroyed.
The wyvern zombie closely misses you.
Unknown command.
A wyvern zombie is nearby!
You are too injured to fight recklessly!
Unknown command.
The wyvern zombie closely misses you.
Unknown command.
The wyvern zombie bites you!
* * * LOW HITPOINT WARNING * * *
The wyvern zombie bites you!
You die...

# ~#~## #########
~P~.~P#.#.#§#.#
~.#~~~#Z#'#'#'###
~~.~~~.@......'.#
#~#####.#####.###
#.#...#.§.#
#.#.∩.'.###
#.#∩..#.'.#
#.#####.### '.'
#§'.'.#
#.#####.###
#.#...#.'.#


You could see a wyvern zombie.

Vanquished Creatures
  2 hornet zombies (Ossuary)
  A scorpion (D:4)
  A wyvern zombie (Ossuary)
  2 water moccasin zombies (Ossuary)
  2 centaur zombies (Ossuary)
  3 bullfrog zombies (Ossuary)
  A jelly (D:2)
  A sleepcap (D:4)
  3 killer bee zombies (Ossuary)
  11 mummies
  A howler monkey zombie (Ossuary)
  4 adders (D:2)
  An ufetubus (D:3)
  3 worms
  4 endoplasms
  5 giant cockroaches
  2 goblins
  6 hobgoblins
  20 jackals
  4 quokkas
  6 ball pythons
  5 bats
  A frilled lizard (D:1)
  4 rats
93 creatures vanquished.

Vanquished Creatures (others)
  511 foxfires
511 creatures vanquished.

Grand Total: 604 creatures vanquished

Notes
Turn   | Place    | Note
-------+----------+-------------------------------------------
     0 | D:1      | McKennaii the Demigod Fire Elementalist began the quest for
                  | the Orb.
     0 | D:1      | Reached XP level 1. HP: 14/14 MP: 5/5
    88 | D:1      | Reached skill level 1 in Conjurations
   169 | D:1      | Identified 3 scrolls of acquirement
   169 | D:1      | Acquired the amulet of Vitality {RegenMP++ Regen++}
   169 | D:1      | Found the amulet of Vitality {RegenMP++ Regen++}
   178 | D:1      | Acquired the ring "Oseabb Vyok" {Ice rElec Int+4 SInv
                  | Stlth+}
   181 | D:1      | Acquired a staff of conjuration
   275 | D:1      | Reached XP level 2. HP: 20/20 MP: 7/7
   929 | D:2      | Reached XP level 3. HP: 26/26 MP: 6/9
  1231 | D:2      | Reached XP level 4. HP: 33/33 MP: 11/11
  1687 | D:3      | Found a runed translucent gate.
  1687 | D:3      | Found a runed translucent gate.
  1687 | D:3      | Found a runed translucent gate.
  1717 | D:3      | Noticed McKennaii's ghost (amateur DgFE)
  2255 | D:4      | Reached XP level 5. HP: 38/38 MP: 11/13
  2306 | D:4      | Found a sand-covered staircase.
  2314 | Ossuary  | Entered an ossuary
  2358 | Ossuary  | Reached XP level 6. HP: 41/45 MP: 15/15
  2491 | Ossuary  | Reached skill level 5 in Conjurations
  2507 | Ossuary  | Reached skill level 5 in Spellcasting
  2507 | Ossuary  | Reached XP level 7. HP: 35/50 MP: 18/18
  2628 | Ossuary  | HP: 1/50 [hornet zombie (5)]
  2691 | Ossuary  | Slain by a wyvern zombie

Illustrated notes

Levels and vault maps discovered:
D:1:      spicycebolla_arrival_ecumenical, layout_loops_ring
D:2:      layout_basic
D:3:      layout_rooms, mainiacjoe_overflow_paths, gammafunk_ghost_necromancy
D:4:      layout_rooms, tso_metal_star, mainiacjoe_overflow_catwalk,
          elyvilon_altar_5, minmay_temple_entry_stoned_glass,
          nicolae_ossuary_entry_giza, minmay_misc_feat_square, minivault_4
Ossuary:  ossuary_zaba_flooded

Skill      XL: |  1  2  3  4  5  6 |
---------------+-------------------+-----
Conjurations   | 1 2 3 4 5 |  5.9
Spellcasting   | 2 3 4 5 |  5.6
Dodging        | |  1.7
Stealth        | |  1.7
Fire Magic     | |  2.7

Action                     |  1- 3 |  4- 6 |  7- 9 || total
---------------------------+-------+-------+-------++-------
  Melee: Staff             |    32 |    22 |     3 ||    57
         Punch             |       |       |     1 ||     1
   Cast: Foxfire           |   121 |   188 |    56 ||   365
    Use: Scroll            |     3 |       |       ||     3
   Stab: Sleeping          |     1 |       |       ||     1
 Armour: Robe              |    12 |    18 |    13 ||    43
  Dodge: Dodged            |    47 |    65 |    39 ||   151
